 Dungeon Crawl Stone Soup version 0.22-a0-443-g17c3723 (webtiles) character file.

15 Borgoz the Grave Robber (level 2, 0/22 HPs)
             Began as a Ghoul Necromancer on May 31, 2018.
             Slain by a jackal (1 damage)
             ... on level 1 of the Dungeon.
             The game lasted 00:02:02 (382 turns).

Borgoz the Grave Robber (Ghoul Necromancer)          Turns: 382, Time: 00:02:03

Health: 0/22       AC:  5    Str: 11    XL:     2   Next: 50%
Magic:  1/3        EV: 10    Int: 10    God:
Gold:   9          SH:  0    Dex:  9    Spells: 3/4 levels left

rFire    . . .     SeeInvis .   (no weapon)
rCold    + . .     Gourm    .   (no shield)
rNeg     + + +     Faith    .   e - +0 ring mail
rPois    ∞         Spirit   .   (no helmet)
rElec    .         Reflect  .   (no cloak)
rCorr    .         Harm     .   (no gloves)
MR       .....                  (no boots)
Stlth    +.........             (no amulet)
HPRegen  0.00/turn              (no ring)
MPRegen  0.08/turn              (no ring)

@: rotting
A: rotting body, claws 1, carnivore, cold resistance 1, negative energy
resistance 3, inhibited regeneration, torment resistance, unbreathing
a: no special abilities


You were on level 1 of the Dungeon.
You were not hungry.

You visited 1 branch of the dungeon, and saw 1 of its levels.

You collected 9 gold pieces.

Inventory:

Armour
 e - a +0 ring mail (worn)
Scrolls
 a - a scroll of remove curse {unknown}
 d - a scroll of identify {unknown}
Comestibles
 b - 2 chunks of flesh
 c - a ration


   Skills:
 + Level 0.5 Fighting
 * Level 0.9 Armour
 * Level 2.0 Dodging
 - Level 2.1 Stealth
 + Level 0.5 Unarmed Combat
 - Level 1.8 Spellcasting
 - Level 4.0 Necromancy


You had 3 spell levels left.
You knew the following spells:

 Your Spells              Type           Power        Failure   Level  Hunger
a - Pain                  Necr           #...         14%         1    ##.....

Your spell library contained the following spells:

 Spells                   Type           Power        Failure   Level  Hunger
 Animate Dead             Necr           N/A          82%         4    #####..
 Animate Skeleton         Necr           N/A          14%         1    ##.....
 Vampiric Draining        Necr           #.........   41%         3    ####...
 Regeneration             Chrm/Necr      #.........   71%         3    ####...


Dungeon Overview and Level Annotations

Branches:
Dungeon (1/15)

Altars:


Innate Abilities, Weirdness & Mutations

Your body is rotting away.
You thrive on raw meat.
You are immune to poison.
You have sharp fingernails.
You are carnivorous and can eat meat at any time.
Your flesh is cold resistant. (rC+)
You are immune to negative energy. (rN+++)
You do not regenerate when monsters are visible.
You are immune to unholy pain and torment.
You can survive without breathing.


Message History

The hobgoblin resists with some effort.
The hobgoblin barely misses you.
Casting: Pain (safe; 14% risk of failure)
Confirm with . or Enter, or press ? or * to list all spells.
Aiming: Pain (safe; 14% risk of failure)
Press: ? - help, Shift-Dir - straight line, f/p - hobgoblin
Aim: a hobgoblin, wielding a mace and wearing a runed marble ring (moderately wounded, chance to defeat MR: 76%)
The hobgoblin resists with some effort.
The hobgoblin barely misses you.
Casting: Pain (safe; 14% risk of failure)
Confirm with . or Enter, or press ? or * to list all spells.
You don't have enough magic to cast that spell.
Unknown command.
Casting: Pain (safe; 14% risk of failure)
Confirm with . or Enter, or press ? or * to list all spells.
You don't have enough magic to cast that spell.
Unknown command.
You see here a plate armour.
The jackal barely misses you.
The leopard gecko bites you but does no damage.
The jackal bites you.
You die...

.# #...#......##.........
.# ######################
.##########################
........................#.#
...######.########.####.#.#
.#.# #.# #.# #.#.# .#.# ...
#####.####.#.# # .#.# ....)
#...h........# .##.# ##.#
#.....##.#@..#####.##.....#
#.#
#.....##g#lr........ll.....
#..
......##h#..######.##...###
### #...........r .....
###########.. ..## ##.# ...
.. .. .. #


You could see a leopard gecko, a jackal and a rat.

Vanquished Creatures
  A dart slug (D:1)
  3 bats (D:1)
  3 goblins (D:1)
  A hobgoblin (D:1)
  2 kobolds (D:1)
  A rat (D:1)
11 creatures vanquished.

Notes
Turn   | Place    | Note
-------+----------+-------------------------------------------
     0 | D:1      | Borgoz the Ghoul Necromancer began the quest for the Orb.
     0 | D:1      | Reached XP level 1. HP: 14/14 MP: 2/2
   100 | D:1      | Reached XP level 2. HP: 8/20 MP: 3/3
   365 | D:1      | HP: 1/22 [hobgoblin/mace (7)]
   382 | D:1      | Slain by a jackal

Vault maps used:
D:1:      erik_arrival_cave_to_civilisation

Skill      XL: |  1 |
---------------+----+-----
Dodging        | 2 |  2.0
Fighting       | |  0.5
Armour         | |  0.9
Stealth        | |  2.1
Unarmed Combat | |  0.5
Spellcasting   | |  1.8
Necromancy     | |  4.0

Action                   || total
-------------------------++-------
Melee: Unarmed           ||    59
 Cast: Pain              ||     4
 Stab: Sleeping          ||     2
  Eat: Chunk             ||     9
Armor: Robe              ||    13
       Ring mail         ||    31
Dodge: Dodged            ||    60

Table legend:
 A = Spawn XP
 B = Non-spawn XP
 C = Spawn XP percentage of total XP
 D = Spawn monster count
 E = Non-spawn monster count
 F = Spawn count percentage of total count
 G = Total turns spent on level
                    A         B        C        D         E        F      G
               +---------+---------+-------+---------+---------+-------+---------
         Total |       0 |      22 |   0.0 |       0 |      11 |   0.0 |   382
               +---------+---------+-------+---------+---------+-------+---------
           D:1 |       0 |      22 |   0.0 |       0 |      11 |   0.0 |   382
               +---------+---------+-------+---------+---------+-------+---------
